 Dungeon Crawl Stone Soup version 0.27.1 (webtiles) character file.

Game seed: 3935075260918473780

116 Malachi the Skirmisher (level 4, -1/37 HPs)
             Began as a Demonspawn Monk on Aug 25, 2021.
             Killed from afar by an orc wizard (12 damage)
             ... with a magic dart
             ... on level 3 of the Dungeon.
             The game lasted 00:03:16 (2008 turns).

Malachi the Skirmisher (Demonspawn Monk)            Turns: 2008, Time: 00:03:17

Health: -1/37      AC:  5    Str: 11    XL:     4   Next: 70%
Magic:  13/13      EV: 13    Int: 16    God:
Gold:   51         SH:  0    Dex: 16    Spells: 3/3 levels left

rFire    . . .     SeeInvis .   e - +8 trident of Oquorphu {flame, MP+9}
rCold    . . .     Faith    .   (no shield)
rNeg     + . .     Spirit   .   b - +1 robe
rPois    .         Reflect  .   (helmet restricted)
rElec    .         Harm     .   m - +1 cloak of Misanthropy {Slay+2}
rCorr    .         Rampage  .   (no gloves)
Will     .....                  (no boots)
Stlth    +++.......             c - amulet "Cekuisuh" {Acrobat rN+ Int+4 Stlth+}
HPRegen  0.12/turn              (no ring)
MPRegen  0.13/turn              (no ring)

@: no status effects
A: antennae 1, powered by pain 1
a: no special abilities


You were on level 3 of the Dungeon.
You visited 1 branch of the dungeon, and saw 3 of its levels.

You collected 51 gold pieces.

Inventory:

Hand Weapons
 a - a +2 dagger of venom
 e - the +8 trident of Oquorphu (weapon) {flame, MP+9}
   (You acquired it on level 2 of the Dungeon)

   It burns those it strikes, dealing additional fire damage.
   MP:        It affects your magic capacity (+9).
Missiles
 k - 15 poisoned darts (quivered)
Armour
 b - a +1 robe (worn)
 m - the +1 cloak of Misanthropy (worn) {Slay+2}
   (You acquired it on level 1 of the Dungeon)

   Slay:      It affects your accuracy & damage with ranged weapons and melee
   (+2).
Jewellery
 c - the amulet "Cekuisuh" (around neck) {Acrobat rN+ Int+4 Stlth+}
   (You acquired it on level 1 of the Dungeon)

   [amulet of the acrobat]

   It increases your evasion while moving and waiting.
   Int:       It affects your intelligence (+4).
   rN:        It protects you from negative energy.
   Stlth:     It makes you more stealthy.
Scrolls
 n - a scroll of teleportation {unknown}
Potions
 f - a potion of curing {unknown}
 g - a potion of cancellation {unknown}
 h - 3 potions of lignification {unknown}
 i - a potion of degeneration {unknown}
 j - a potion of brilliance {unknown}
 l - a potion of attraction {unknown}


   Skills:
 + Level 3.7 Fighting
 + Level 3.7 Polearms
 + Level 3.2 Dodging
 + Level 2.5 Stealth


You had 3 spell levels left.
You didn't know any spells.
Your spell library contained the following spells:

 Spells                   Type           Power      Damage    Failure   Level
 Gell's Gravitas          Tloc           0%         N/A       58%         3
 Lesser Beckoning         Tloc           0%         N/A       58%         3
 Teleport Other           Tloc           0%         N/A       58%         3


Dungeon Overview and Level Annotations

Branches:
Dungeon (3/15)

Altars:

Shops:
D:2 (


Innate Abilities, Weirdness & Mutations

You have a pair of small antennae on your head.
You sometimes gain a little power by taking damage.


Message History

The orc wizard flickers and vanishes!
Deactivating autopickup; reactivate with Ctrl-A.
The ball python hisses angrily.
You hit the orc. You burn the orc.
The orc is moderately wounded.
The orc hits you with a +0 dagger.
You puncture the orc! You burn the orc.
You kill the orc!
A magic dart appears from out of thin air!
The magic dart hits you. The orc barely misses you.
You completely miss the orc. The orc barely misses you.
Something hits you but does no damage.
You completely miss the orc. The orc barely misses you.
Something completely misses you.
You hit the orc but do no damage.
The ball python bites you but does no damage.
The ball python barely misses you. The orc misses you.
The ball python barely misses you. The ball python grabs you.
The ball python constricts you. Something hits you but does no damage.
You completely miss the ball python. The orc hits you but does no damage.
The ball python bites you but does no damage.
The ball python constricts you. Something hits you.
You hit the ball python. You burn the ball python.
You kill the ball python!
The orc hits you with a +0 vorpal hand axe.
Something hits you but does no damage.
You closely miss something. The orc misses you.
You hear some strange, mumbled words.
A puff of flame appears from out of thin air!
The puff of flame hits you.
The orc hits you with a +0 vorpal hand axe.
* * * LOW HITPOINT WARNING * * *
You hit something but do no damage. Something hits you but does no damage.
The orc misses you.
You puncture the orc! You burn the orc.
You kill the orc!
You hear some strange, mumbled words.
A magic dart appears from out of thin air!
The magic dart hits you!
You die...

#. .######## .
.......##.[
##..........
#...........
#######..(........
...........†......
#.......@{......
#........)......
#.<..$..........
#...............
####$##.....#...
#..##.##.## ##
#.###+# +# #. #.


There were no monsters in sight!

Vanquished Creatures
  Crazy Yiuf (D:2)
  Jessica (D:2)
  2 adders (D:2)
  A worm (D:3)
  2 orcs (D:3)
  2 endoplasms (D:1)
  2 giant cockroaches (D:1)
  3 goblins (D:1)
  3 hobgoblins
  3 jackals (D:2)
  3 kobolds
  2 quokkas (D:1)
  3 ball pythons
  8 bats
  3 frilled lizards
  4 rats
43 creatures vanquished.

Vanquished Creatures (others)
  An adder (D:3)
  A worm (D:3)
  A hobgoblin (D:3)
  2 fungi
  A plant (D:3)
6 creatures vanquished.

Grand Total: 49 creatures vanquished

Notes
Turn   | Place    | Note
-------+----------+-------------------------------------------
     0 | D:1      | Malachi the Demonspawn Monk began the quest for the Orb.
     0 | D:1      | Reached XP level 1. HP: 18/18 MP: 1/1
   299 | D:1      | Gained mutation: You have a pair of small antennae on your
                  | head. [demonic ancestry]
   299 | D:1      | Reached XP level 2. HP: 24/24 MP: 2/2
   999 | D:1      | Identified 2 scrolls of acquirement
   999 | D:1      | Acquired the +1 cloak of Misanthropy {Slay+2}
  1006 | D:1      | Acquired the amulet "Cekuisuh" {Acrobat rN+ Int+4 Stlth+}
  1046 | D:2      | Gained mutation: You sometimes gain a little power by
                  | taking damage. [demonic ancestry]
  1046 | D:2      | Reached XP level 3. HP: 24/29 MP: 3/3
  1103 | D:2      | Noticed Jessica
  1113 | D:2      | Killed Jessica
  1182 | D:2      | Found Toutecics's Antique Weapon Boutique.
  1216 | D:2      | Acquired the +8 trident of Oquorphu {flame, MP+9}
  1335 | D:2      | Reached XP level 4. HP: 36/36 MP: 4/4
  1667 | D:2      | Found a runed translucent door.
  1668 | D:2      | Noticed Crazy Yiuf
  1678 | D:2      | Killed Crazy Yiuf
  2008 | D:3      | Killed from afar by an orc wizard

Illustrated notes

Levels and vault maps discovered:
D:1:      dpeg_arrival_yet_another_circle, layout_rooms
D:2:      layout_rooms, serial_shops, nicolae_shop_crystal, item_on_display_a,
          uniq_crazy_yiuf_cottage, uniq_jessica
D:3:      layout_rooms, xom_confusion_cloud, mainiacjoe_overflow_24_doors,
          gup_sewer_entry_bubbles, shapermc_ecumenical_altar_mp_urbaneastern,
          st_stairs_4, uniq_natasha

Skill      XL: |  1  2  3 |
---------------+----------+-----
Dodging        | 3 |  3.2
Polearms       | 3 |  3.7
Stealth        | 2 |  2.5
Fighting       | |  3.7

Action                   |  1- 3 |  4- 6 || total
-------------------------+-------+-------++-------
Melee: Spear             |   114 |       ||   114
       Trident           |     1 |    33 ||    34
  Use: Scroll            |     5 |       ||     5
       Potion            |       |     1 ||     1
 Stab: Sleeping          |     6 |     1 ||     7
Armor: Robe              |    20 |    12 ||    32
Dodge: Dodged            |    60 |    16 ||    76
